Map: Orbital Shipyard

Players

ILLBdA

  • Race: Protoss Protoss
  • League: Diamond

CloudBurst - Winner!

  • Race: Terran Terran
  • League: Diamond

VOD

Have the link to the VOD?

Description

Time

  • Played on: Dec. 25, 2015, 9:17 a.m.
  • Length: 9:04
Show
View Real Time Build Order
Export as new Build Order

ILLBdA Protoss 

Build Orders:  

Get SALT Encoding   

  12  0:01  Probe (Chrono Boost)  
  13  0:11  Probe (Chrono Boost)  
  14  0:19  Pylon  
  14  0:22  Probe (Chrono Boost)  
  15  0:38  Gateway  
  15  0:40  Assimilator  
  15  0:42  Probe (Chrono Boost)  
  16  0:52  Probe (Chrono Boost)  
  16  0:54  Assimilator  
  17  1:03  Probe (Chrono Boost)  
  18  1:13  Probe (Chrono Boost)  
  19  1:24  Probe (Chrono Boost)  
  20  1:26  Cybernetics Core  
  20  1:35  Probe (Chrono Boost)  
  21  1:45  Probe (Chrono Boost)  
  22  1:52  Nexus  
  22  1:55  Pylon  
  23  2:04  Warp Gate  
  22  2:14  Mothership Core (Chrono Boost), Adept (Chrono Boost)  
  26  2:34  Probe (Chrono Boost), Robotics Facility  
  27  2:40  Stalker  
  29  2:44  Probe (Chrono Boost)  
  30  2:57  Probe (Chrono Boost)  
  31  3:05  Probe (Chrono Boost)  
  32  3:07  Probe (Chrono Boost)  
  33  3:15  Probe (Chrono Boost)  
  34  3:21  Pylon  
  34  3:22  Pylon  
  34  3:24  Pylon  
  34  3:25  Stalker  
  36  3:28  Pylon  
  36  3:29  Observer  
  35  3:36  Probe (Chrono Boost)  
  36  3:47  Probe (Chrono Boost)  
  37  3:53  Gateway  
  37  3:54  Gateway  
  37  3:55  Pylon  
  37  3:56  Sentry  
  39  4:09  Immortal (Chrono Boost)  
  43  4:13  Probe (Chrono Boost)  
  43  4:16  Assimilator  
  44  4:29  Probe (Chrono Boost)  
  45  4:33  Probe  
  45  4:37  Pylon  
  46  4:40  Probe  
  46  4:47  Probe, Observer (Chrono Boost)  
  47  4:53  Sentry  
  49  5:04  Nexus  
  49  5:06  Forge, Pylon  
  49  5:12  Immortal (Chrono Boost)  
  53  5:18  Probe  
  53  5:19  Probe  
  55  5:23  Sentry x3  
  60  5:29  Probe  
  60  5:31  Probe  
  62  5:39  Probe  
  62  5:41  Photon Cannon  
  63  5:47  Sentry x2  
  67  5:50  Warp Prism (Chrono Boost)  
  67  5:51  Probe  
  70  5:58  Pylon  
  70  5:59  Pylon  
  70  6:07  Pylon  
  70  6:14  Probe  
  70  6:16  Probe  
  68  6:24  Immortal (Chrono Boost)  
  68  6:25  Probe  
  64  6:29  Adept x2  
  64  6:30  Adept  
  64  6:31  Probe  
  72  6:40  Probe  
  72  6:41  Probe  
  72  6:42  Pylon  
  74  6:50  Adept x3  
  76  7:00  Immortal (Chrono Boost)  
  80  7:10  Adept  
  80  7:11  Adept x2  
  74  7:17  Mothership Core  
  74  7:21  Probe  
  65  7:34  Immortal (Chrono Boost)  
  65  7:36  Adept x3  
  73  7:40  Gateway  
  73  7:42  Gateway  
  68  7:55  Zealot  
  68  7:56  Zealot  
  70  8:06  Zealot  
  70  8:10  Immortal  
  74  8:15  Sentry  
  76  8:21  Pylon  
  76  8:25  Stalker  
  78  8:35  Pylon  
  78  8:36  Pylon  
  78  8:39  Probe  
  79  8:56  Adept x2  
  79  8:57  Adept  
Show
View Real Time Build Order
Export as new Build Order

CloudBurst Terran - Winner!

Build Orders: Bio Tank, MMM Bio 

Get SALT Encoding   

  12  0:01  SCV  
  13  0:13  SCV  
  14  0:17  Supply Depot  
  14  0:25  SCV  
  15  0:39  SCV  
  15  0:40  Barracks  
  16  0:44  Refinery  
  16  0:51  SCV  
  17  1:03  SCV  
  18  1:15  SCV  
  19  1:29  Orbital Command  
  19  1:30  Barracks Reactor  
  19  1:46  Command Center  
  19  1:55  Supply Depot, SCV  
  20  2:06  Marine x2  
  22  2:21  SCV  
  23  2:23  Marine  
  23  2:24  Marine  
  23  2:25  Bunker  
  25  2:33  Factory, Refinery  
  25  2:37  SCV  
  25  2:42  Marine  
  25  2:43  Marine  
  28  2:52  SCV  
  29  3:01  Orbital Command  
  29  3:05  Marine  
  29  3:06  Marine  
  29  3:11  SCV  
  32  3:13  Engineering Bay  
  32  3:19  Supply Depot, Factory Tech Lab  
  32  3:32  Marine x2  
  33  3:40  Siege Tank  
  33  3:50  Marine x2  
  35  3:57  SCV  
  35  3:59  Supply Depot  
  36  4:14  Supply Depot  
  36  4:20  Marine  
  36  4:21  SCV  
  38  4:25  Barracks  
  38  4:26  Starport  
  38  4:33  Marine  
  38  4:34  SCV, Siege Tank  
  43  4:38  Marine  
  44  4:54  Terran Infantry Weapons Level 1, SCV  
  44  4:56  Supply Depot, Marine  
  44  4:59  SCV  
  47  5:06  SCV  
  48  5:08  Medivac  
  50  5:17  Barracks Tech Lab, Marine  
  50  5:18  Marine  
  50  5:19  Siege Tank  
  55  5:35  Marine x2  
  55  5:36  Stimpack  
  55  5:40  Medivac  
  58  5:44  Marine  
  58  5:46  SCV  
  58  5:48  SCV  
  61  5:50  Supply Depot, Refinery  
  61  5:53  Marine  
  62  6:11  Marine  
  62  6:16  Command Center  
  62  6:17  Liberator  
  59  6:20  Marine  
  59  6:21  Marine  
  59  6:29  Marine  
  59  6:31  Siege Tank  
  65  6:37  Supply Depot  
  65  6:38  SCV x2, Marine x2  
  70  6:59  SCV  
  71  7:05  Marine x2  
  73  7:11  Barracks  
  73  7:12  Barracks  
  67  7:22  Siege Tank  
  70  7:23  SCV  
  70  7:24  SCV  
  70  7:25  Supply Depot  
  69  7:35  SCV  
  69  7:36  SCV, Combat Shields  
  65  7:44  Marine x3  
  61  7:47  Liberator  
  60  7:54  Siege Tank  
  61  8:02  Marine x3  
  67  8:07  SCV  
  67  8:19  SCV  
  63  8:31  SCV  
  62  8:34  Barracks Reactor x2  
  62  8:37  SCV  
  61  8:43  SCV  
  62  8:50  SCV  
Tags
 
Composition
Bio TankMMM Bio
Matchup
PvT
Replay Pack
me
Add a new tag
Caveats
  • Supply blocks, unpowered buildings, or Contaminate may cause inaccurate times.
  • Supply counts are checked every 10 seconds.